 Dungeon Crawl Stone Soup version 0.30-a0-1160-g6e42c06551 (webtiles) character file.

Game seed: 13729856860115056166

356 lunkers the Gusty (level 7, -5/50 HPs)
             Began as a Meteoran Air Elementalist on Apr 24, 2023.
             Slain by a sleepcap (8 damage)
             ... on level 5 of the Dungeon on Apr 25, 2023.
             The game lasted 00:05:58 (1568 turns).

lunkers the Gusty (Meteoran Air Elementalist)       Turns: 1568, Time: 00:05:58

Health: -5/50      AC:  4    Str: 10    XL:     7   Next: 17%
Magic:  0/15       EV: 12    Int: 18    God:
Gold:   213        SH:  0    Dex: 15    Spells: 10/16 levels left

rFire   + . .        e - +1 dagger (venom)
rCold   . . .        (no shield)
rNeg    . . .        a - +0 robe
rPois   .            g - +1 helmet
rElec   .            (no cloak)
rCorr   .            (no gloves)
SInv    .            (no boots)
Will    .....        (no amulet)
Stlth   +            d - ring of protection from fire
HPRegen 0.28/turn    (no ring)
MPRegen 0.14/turn

%: no passive effects
@: glowing
A: sense surroundings 1, otherworldly, glowing, explore regen
a: no special abilities


You were on level 5 of the Dungeon.
You visited 1 branch of the dungeon, and saw 5 of its levels.

You collected 213 gold pieces.

Inventory:

Hand Weapons
 e - a +1 dagger of venom (weapon)
 j - a +1 mace of electrocution
 s - a +2 flail of protection
Armour
 a - a +0 robe (worn)
 g - a +1 helmet (worn)
Jewellery
 d - a ring of protection from fire (left hand)
Wands
 o - a wand of flame (12)
 t - a wand of quicksilver (4)
Scrolls
 f - a scroll of brand weapon
 k - a scroll of blinking {unknown}
 m - a scroll of fog {unknown}
 p - a scroll of identify {unknown}
 q - 2 scrolls of teleportation {unknown}
 r - a scroll of poison {unknown}
 u - a scroll of amnesia {unknown}
Potions
 b - a potion of magic
 c - 4 potions of curing {unknown}
 h - 2 potions of haste {unknown}
 i - 3 potions of might {unknown}
 l - 2 potions of cancellation {unknown}
 n - a potion of attraction {unknown}


   Skills:
 - Level 2.4 Dodging
 - Level 1.4 Stealth
 + Level 5.2 Spellcasting
 - Level 1.2 Conjurations
 * Level 7.4 Air Magic


You had 10 spell levels left.
You knew the following spells:

 Your Spells              Type           Power      Damage    Failure   Level
a - Shock                 Conj/Air       80%        1d8       2%          1
b - Static Discharge      Conj/Air       40%        2-4/arc   3%          2
c - Swiftness             Air            31%        N/A       1%          3

Your spell library contained the following spells:

 Spells                   Type           Power      Damage    Failure   Level
 Airstrike                Air            15%        2d(3-19)  6%          4


Dungeon Overview and Level Annotations

Branches:
Dungeon (5/15) Zot: 1434
 Temple: D:4-7

Altars:

Shops:
D:2 *


Innate Abilities, Weirdness & Mutations

You passively map a small area around you.
You are easily found by Zot.
You glow in the dark.
You regain HP and MP as you explore.


Message History

Confirm with . or Enter, or press ? or * to list all spells.
The sleepcap is struck by an arc of lightning.
The sleepcap is moderately damaged.
The orc is struck by an arc of lightning.
The orc is severely wounded.
The sleepcap is struck by an arc of lightning.
The sleepcap is moderately damaged.
The lightning grounds out.
The sleepcap releases spores at you.
* * * LOW HITPOINT WARNING * * *
Unknown command.
Unknown command.
Unknown command.
Casting: Static Discharge (safe; 3% risk of failure)
Confirm with . or Enter, or press ? or * to list all spells.
The sleepcap is struck by an arc of lightning.
The sleepcap is heavily damaged.
You are struck by an arc of lightning.
* * * LOW HITPOINT WARNING * * *
The lightning grounds out.
* * * LOW MAGIC WARNING * * *
The sleepcap releases spores at you!
* * * LOW HITPOINT WARNING * * *
Unknown command.
Unknown command.
Unknown command.
Casting: Static Discharge (safe; 3% risk of failure)
Confirm with . or Enter, or press ? or * to list all spells.
The sleepcap is struck by an arc of lightning.
The sleepcap is severely damaged.
You are struck by an arc of lightning.
* * * LOW HITPOINT WARNING * * *
The lightning grounds out.
* * * LOW MAGIC WARNING * * *
The sleepcap releases spores at you.
* * * LOW HITPOINT WARNING * * *
You are engulfed in a cloud of soporific spores!
You are unaffected.
Unknown command.
The sleepcap attacks as you move away! The sleepcap releases spores at you!
You die...

#..# ### *
#..########.##
*
#..#.........#
#.##.######.##
,* #.##.# #.#
###)##.# #.#
...)...#
#.####* * *
###.####
#....# * #)#
####@# * #.#
#f# #.# #o#
,..# #o# ,#.#
#r# *,#.#* *
#o# , , ,,,...
,, * #.# * * ,


You could see a sleepcap, 3 orcs and a quokka.

Vanquished Creatures
  Edmund (D:4)
  A hound (D:4)
  An orc priest (D:5)
  An iguana (D:5)
  An orc wizard (D:5)
  A gnoll (D:2)
  5 adders
  A worm (D:2)
  12 orcs
  8 bats
  7 endoplasms
  A giant cockroach (D:4)
  3 goblins
  6 hobgoblins
  2 jackals (D:2)
  A quokka (D:1)
  3 ball pythons
  A frilled lizard (D:1)
  5 kobolds
  A rat (D:2)
62 creatures vanquished.

Notes
Turn   | Place    | Note
-------+----------+-------------------------------------------
     0 | D:1      | lunkers the Meteoran Air Elementalist began the quest for
                  | the Orb.
     0 | D:1      | Reached XP level 1. HP: 14/14 MP: 5/5
    84 | D:1      | Reached XP level 2. HP: 20/20 MP: 2/6
   117 | D:1      | Reached skill level 4 in Air Magic
   467 | D:1      | Reached XP level 3. HP: 22/26 MP: 8/8
   470 | D:1      | Learned a level 2 spell: Static Discharge
   474 | D:1      | Learned a level 3 spell: Swiftness
   501 | D:1      | Glimpsed the power of Zot.
   551 | D:1      | Glimpsed the power of Zot.
   717 | D:2      | Found Vokusof's Assorted Antiques.
   726 | D:2      | Reached XP level 4. HP: 27/33 MP: 2/10
   820 | D:2      | Reached skill level 5 in Air Magic
   825 | D:2      | HP: 1/33 [gnoll/+0 club (4)]
  1137 | D:3      | Reached XP level 5. HP: 29/38 MP: 5/11
  1350 | D:4      | Reached skill level 6 in Air Magic
  1382 | D:4      | Noticed Edmund
  1400 | D:4      | Killed Edmund
  1401 | D:4      | Reached skill level 7 in Air Magic
  1401 | D:4      | Reached XP level 6. HP: 10/45 MP: 1/14
  1436 | D:5      | Entered Level 5 of the Dungeon
  1486 | D:5      | Reached skill level 5 in Spellcasting
  1528 | D:5      | Reached XP level 7. HP: 50/50 MP: 10/15
  1558 | D:5      | Upgraded the game from 0.30-a0-1157-g2cc9ac7196 to
                  | 0.30-a0-1160-g6e42c06551
  1568 | D:5      | Slain by a sleepcap

Illustrated notes

Levels and vault maps discovered:
D:1:      wheals_arrival_shading, layout_loops_ring
D:2:      layout_basic, serial_shops, nicolae_shop_waterfront,
          chequers_serial_rivers_micro_c, cheibrodos_gnoll_hut
D:3:      minmay_skewed_foursquare, layout_basic
D:4:      layout_loops_corners, minmay_temple_entry_butterflies, uniq_grinder,
          uniq_edmund
D:5:      layout_loops_ring

Skill      XL: |  1  2  3  4  5  6 |
---------------+-------------------+-----
Air Magic      | 4 5 7 |  7.4
Spellcasting   | 3 4 5 |  5.2
Dodging        | |  2.4
Stealth        | |  1.4
Conjurations   | |  1.2

Action                     |  1- 3 |  4- 6 |  7- 9 || total
---------------------------+-------+-------+-------++-------
  Melee: Dagger            |    20 |    34 |       ||    54
         Punch             |     1 |       |       ||     1
   Cast: Shock             |    34 |    35 |     8 ||    77
         Static Discharge  |     4 |    25 |     5 ||    34
    Use: Scroll            |       |     1 |       ||     1
 Armour: Robe              |     5 |     7 |     1 ||    13
  Dodge: Dodged            |    15 |    42 |       ||    57

Table legend: (Time is in decaauts)
 A = Elapsed time spent in this place.
 B = Non-inter-level travel time spent in this place.
 C = Inter-level travel time spent in this place.
 D = Time resting spent in this place.
 E = Time spent auto-exploring this place.
 F = Levels seen in this place.
 G = Mean time per level.
                   A        B        C        D        E       F      G
               +--------+--------+--------+--------+--------+-----+--------+
         Total |   1566 |   1513 |     53 |      0 |   1045 |   5 |  313.2 |
       Dungeon |   1566 |   1513 |     53 |      0 |   1045 |   5 |  313.2 |
               +--------+--------+--------+--------+--------+-----+--------+

Top non-repeatable levels by time:
     D:1: 553 daAuts
     D:2: 431 daAuts
     D:3: 237 daAuts
     D:4: 211 daAuts
     D:5: 131 daAuts
